 Dungeon Crawl Stone Soup version 0.23-a0-767-gdc19b93d68 (webtiles) character file.

205 Enroth the Covered (level 5, -1/41 HPs)
             Began as a Demonspawn Fighter on Jan 23, 2019.
             Slain by an iron imp (2 damage)
             ... summoned by Natasha
             ... on level 3 of the Dungeon.
             The game lasted 00:05:27 (2061 turns).

Enroth the Covered (Demonspawn Fighter)             Turns: 2061, Time: 00:05:27

Health: -1/41      AC:  8    Str: 17    XL:     5   Next: 53%
Magic:  5/5        EV:  7    Int: 15    God:
Gold:   158        SH:  9    Dex: 12    Spells: 4/4 levels left

rFire    . . .     SeeInvis .   a - +0 war axe
rCold    . . .     Gourm    .   c - +0 shield
rNeg     . . .     Faith    .   b - +0 scale mail
rPois    .         Spirit   .   (no helmet)
rElec    .         Reflect  .   (no cloak)
rCorr    .         Harm     .   (no gloves)
MR       .....                  (no boots)
Stlth    +.........             (no amulet)
HPRegen  0.13/turn              l - ring of stealth
MPRegen  0.09/turn              (no ring)

@: brilliant, berserk cooldown, flying, slowed, drained, very slow
A: claws 1, thin metallic scales 1
a: no special abilities


You were on level 3 of the Dungeon.
You were not hungry.

You visited 1 branch of the dungeon, and saw 3 of its levels.

You collected 158 gold pieces.

Inventory:

Hand Weapons
 a - a +0 war axe (weapon)
Armour
 b - a +0 scale mail (worn)
 c - a +0 shield (worn)
Jewellery
 l - a ring of stealth (left claw)
Scrolls
 e - a scroll of random uselessness {unknown}
 g - a scroll of immolation {unknown}
 h - 2 scrolls of blinking {unknown}
 i - a scroll of amnesia {unknown}
 j - a scroll of teleportation {unknown}
 k - a scroll of enchant armour {unknown}
 m - a scroll of magic mapping {unknown}
 n - a scroll of identify {unknown}
 p - 4 scrolls of remove curse {unknown}
Potions
 q - 3 potions of curing
Comestibles
 f - 6 rations
 r - 3 chunks of flesh


   Skills:
 + Level 3.5 Fighting
 + Level 3.4(3.3) Axes
 + Level 3.7(3.6) Armour
 + Level 0.7 Dodging
 + Level 0.1(0.0) Stealth
 + Level 3.5(3.4) Shields


You had 4 spell levels left.
You didn't know any spells.
Your spell library was empty.

Dungeon Overview and Level Annotations

Branches:
Dungeon (3/15)

Altars:
Ashenzari
Elyvilon
The Shining One

Annotations:
D:3 Natasha, Robin, Sigmund


Innate Abilities, Weirdness & Mutations

You have sharp fingernails.
You are partially covered in thin metallic scales. (AC +2)


Message History

Something hits you but does no damage. You block Natasha's attack.
Robin hits you from afar with a +0 trident.
* * * LOW HITPOINT WARNING * * *
The iron imp hits you but does no damage.
The goblin shoots a sling bullet.
The adder hisses angrily.
You hit Natasha.
Natasha is heavily wounded.
You hit the iron imp. You slash the goblin!
You kill the goblin!
You hear a shout!
Natasha mewls in sadness.
You block Natasha's attack.
A goblin comes into view.
Robin hits you from afar with a +0 trident.
* * * LOW HITPOINT WARNING * * *
Something hits you.
* * * LOW HITPOINT WARNING * * *
The iron imp hits you.
You die...

......)<#.#
........#.# #.
........# . #.. ###
........# .g ...
.........# #S ###.#
#.....##.# #g##..gr
####..#
...###...g{#
.......†h).# ##.#
#.)@## >.....#†5#
##..####.#
##...##.###...
#........#
######†.†....##
######....).###...#
####......######
...# .......####
########


You could see an iron imp, Robin, Natasha, an adder, a quokka and 3 goblins.

Vanquished Creatures
  4 gnolls (D:2)
  7 adders
  3 oozes
  A dart slug (D:1)
  2 leopard geckos
  4 orcs
  10 bats
  15 goblins
  13 hobgoblins
  2 jackals (D:2)
  4 kobolds
  2 ball pythons
  6 frilled lizards
  10 rats
83 creatures vanquished.

Notes
Turn   | Place    | Note
-------+----------+-------------------------------------------
     0 | D:1      | Enroth the Demonspawn Fighter began the quest for the Orb.
     0 | D:1      | Reached XP level 1. HP: 18/18 MP: 1/1
   134 | D:1      | Gained mutation: You are partially covered in thin metallic
                  | scales. (AC +2) [demonic ancestry]
   134 | D:1      | Reached XP level 2. HP: 24/24 MP: 2/2
   584 | D:2      | Reached XP level 3. HP: 14/29 MP: 3/3
   910 | D:2      | Reached XP level 4. HP: 34/35 MP: 4/4
  1149 | D:2      | Found a white marble altar of Elyvilon.
  1152 | D:2      | Found a glowing golden altar of the Shining One.
  1706 | D:3      | Gained mutation: You have sharp fingernails. [demonic
                  | ancestry]
  1706 | D:3      | Reached XP level 5. HP: 41/41 MP: 5/5
  1853 | D:3      | Found a shattered altar of Ashenzari.
  2043 | D:3      | Noticed Robin
  2044 | D:3      | Noticed Sigmund
  2046 | D:3      | Noticed Natasha
  2061 | D:3      | HP: 1/41 [something (3)]
  2061 | D:3      | Slain by an iron imp

Vault maps used:
D:1:      lightli_arrival_noodles
D:2:      nicolae_overflow_hidden_temple, minmay_fractal_squares_gapless_5
D:3:      lemuel_round_altar, uniq_robin, uniq_sigmund, uniq_natasha

Skill      XL: |  1  2  3  4 |
---------------+-------------+-----
Shields        | 3 |  3.5
Armour         | 3 |  3.7
Axes           | 2 3 |  3.4
Fighting       | |  3.5
Dodging        | |  0.7
Stealth        | |  0.1

Action                   |  1- 3 |  4- 6 || total
-------------------------+-------+-------++-------
Melee: War axe           |    74 |   172 ||   246
  Use: Potion            |     4 |     3 ||     7
  Eat: Chunk             |       |     4 ||     4
Armor: Scale mail        |    50 |    97 ||   147
Dodge: Dodged            |    21 |    83 ||   104
Block: Shield            |    40 |   112 ||   152

Table legend:
 A = Non-vault XP
 B = Vault XP
 C = Vault XP percentage of total XP
 D = Non-vault monster count
 E = Vault monster count
 F = Vault count percentage of total count
                 A         B        C        D         E       F
            +---------+---------+-------+---------+---------+-------
      Total |     270 |      24 |   8.2 |      72 |      11 |  13.3
            +---------+---------+-------+---------+---------+-------
        D:1 |      30 |       0 |   0.0 |      17 |       0 |   0.0
        D:2 |     155 |      10 |   6.1 |      37 |       3 |   7.5
        D:3 |      85 |      14 |  14.1 |      18 |       8 |  30.8
            +---------+---------+-------+---------+---------+-------
